 Dungeon Crawl Stone Soup version 0.26.1-10-gdfb7c7de75 (webtiles) character file.

Game seed: 2793802809523356843

5937 Rester5115 the Thrower (level 10, -9/76 HPs)
             Began as a Demonspawn Chaos Knight on Apr 2, 2021.
             Was a Plaything of Xom.
             Killed by refrigeration
             ... invoked by Fannar
              (29 damage)
             ... on level 10 of the Dungeon.
             The game lasted 00:58:12 (8682 turns).

Rester5115 the Thrower (Demonspawn Chaos Knight)    Turns: 8682, Time: 00:58:15

Health: -9/76      AC: 17    Str: 19    XL:     10   Next: 54%
Magic:  3/3        EV:  6    Int: 16    God:    Xom [.*....]
Gold:   117        SH:  9    Dex: 13    Spells: 9/9 levels left

rFire    . . .     SeeInvis .   F - +0 short sword (antimagic)
rCold    . . .     Faith    .   I - +0 kite shield (curse)
rNeg     . . .     Spirit   .   e - +0 chain mail
rPois    +         Reflect  .   (helmet unavailable)
rElec    +         Harm     .   (no cloak)
rCorr    .         Rampage  .   i - +0 pair of gloves
Will     .....                  (no boots)
Stlth    ..........             (no amulet)
HPRegen  0.22/turn              N - +6 ring of strength
MPRegen  0.08/turn              v - +4 ring of protection

@: about to teleport
A: claws 1, horns 3, slimy green scales 1, blink, clever 1, poison resistance,
electricity resistance, spiny 2, weak 1
a: Blink, Renounce Religion


You were on level 10 of the Dungeon.
You worshipped Xom.
You were a plaything of Xom.
You visited 1 branch of the dungeon, and saw 10 of its levels.

You collected 760 gold pieces.
You spent 643 gold pieces at shops.

Inventory:

Hand Weapons
 a - a +0 falchion of chaos
 c - a +3 short sword of speed
 d - a +3 short sword of distortion
 F - a +0 antimagic short sword (weapon)
 G - a +2 mace of protection
Missiles
 m - 9 boomerangs
 o - 5 datura-tipped darts
 y - 52 poisoned darts (quivered)
Armour
 b - a +2 leather armour
 e - a +0 chain mail (worn)
 f - a +0 ring mail
 i - a +0 pair of gloves (worn)
 n - a +1 helmet
 t - a +0 buckler
 w - the +2 ratskin cloak {*Rats rPois rN+ Str-1 Int-1 Dex+1}
   (You found it on level 6 of the Dungeon)

   It affects your strength (-1).
   It affects your intelligence (-1).
   It affects your dexterity (+1).
   It protects you from poison.
   It protects you from negative energy.
 I - a cursed +0 kite shield (worn)
Jewellery
 h - an uncursed ring of protection from cold
 v - a +4 ring of protection (right hand)
 M - an uncursed ring of ice
 N - a +6 ring of strength (left hand)
Wands
 s - a wand of acid (6)
 u - a wand of iceblast (17)
 x - a wand of paralysis (2)
 E - a wand of random effects (17)
 K - a wand of digging (7)
Scrolls
 j - 5 scrolls of teleportation
 r - 4 scrolls of remove curse
 C - a scroll of fog {unknown}
 J - 2 scrolls of identify
 L - a scroll of amnesia
Potions
 g - a potion of heal wounds {unknown}
 k - 2 potions of brilliance {unknown}
 l - 4 potions of curing
 p - 3 potions of flight {unknown}
 q - a potion of attraction {unknown}
 z - a potion of might
 A - a potion of degeneration
 B - a potion of haste
 D - a potion of magic
 H - a potion of cancellation {unknown}


   Skills:
 + Level 5.8 Fighting
 - Level 6.8(7.1) Short Blades
 - Level 3.3(5.4) Long Blades
 + Level 9.0 Throwing
 + Level 6.4 Armour
 - Level 2.5 Dodging
 + Level 3.0 Shields
 + Level 1.7 Evocations


You had 9 spell levels left.
You didn't know any spells.
Your spell library contained the following spells:

 Spells                   Type           Power        Failure   Level
 Animate Skeleton         Necr           0%           100%        1
 Magic Dart               Conj           0%           100%        1
 Pain                     Necr           0%           100%        1
 Blink                    Tloc           N/A          100%        2
 Call Imp                 Summ           0%           100%        2
 Slow                     Hex            0%           100%        2
 Conjure Flame            Conj/Fire      0%           100%        3
 Mephitic Cloud           Conj/Pois/Air  0%           100%        3
 Vampiric Draining        Necr           0%           100%        3
 Animate Dead             Necr           0%           100%        4
 Summon Lightning Spire   Summ/Air       0%           100%        4
 Agony                    Necr           0%           100%        5
 Silence                  Hex/Air        0%           100%        5
 Conjure Ball Lightning   Conj/Air       0%           100%        6
 Tornado                  Air            0%           100%        9


Dungeon Overview and Level Annotations

Branches:
Dungeon (10/15)            Temple (0/1) D:5            Lair (0/6) D:8
    Orc: D:9-12

Altars:
Ashenzari
Cheibriados
Dithmenos
Elyvilon
Fedhas
Nemelex Xobeh
Okawaru
Trog

Shops:
D:9 =

Annotations:
D:5 Dowan, Duvessa
D:10 Fannar


Innate Abilities, Weirdness & Mutations

You have a pair of large horns on your head.
You are partially covered in slimy green scales. (AC +2)
You are mostly covered in sharp spines.
You have sharp fingernails.
You can translocate small distances at will.
Your mind is acute. (Int +2)
Your system is resistant to poisons. (rPois)
You are resistant to electric shocks. (rElec)
You are weak. (Str -2)


Message History

Fannar drains the heat from the surrounding environment!
You feel very cold.
* * * LOW HITPOINT WARNING * * *
Fannar is frozen.
Fannar resists.
As you read the scroll of teleportation, it crumbles to dust.
You feel strangely unstable. Fannar closely misses you.
You closely miss Fannar. You headbutt Fannar!!
Fannar is severely wounded.
Fannar casts a spell.
Fannar blinks!
Throw: 53 darts (poison)
Press: ? - help, Q - select action, (/) - cycle Shift-Dir - straight line, f/p - Fannar
Aim: Fannar, wielding a +0 quarterstaff of freezing, wearing a +1 robe of cold resistance and wearing an uncursed ring of ice (severely wounded, covered in an icy film, 46% to hit)
You throw a poisoned dart. The poisoned dart hits Fannar.
Fannar is poisoned.
Fannar is severely wounded.
Fannar mumbles some strange words.
Fannar drains the heat from the surrounding environment!
You feel very cold.
You die...
Xom guffaws!

##...#..........
#.....#.#######.
##......#
##.##### #.# #.#
##'## ##...##
#....@#
#......ยง#
#.........#
+..!....>.+
#....e....#
##.......##
##.....##
##...##


You could see Fannar (icy armour, poisoned).

Vanquished Creatures
  A two-headed ogre (D:9)
  An unseen horror (D:8)
  2 komodo dragons
  A steam dragon (D:8)
  A water moccasin (D:10)
  An orc warrior (D:8)
  An eye of draining (D:7)
  3 ice beasts
  A sky beast (D:9)
  4 centaurs
  4 ogres
  9 bullfrogs
  4 scorpions
  2 killer bees (D:9)
  2 bullfrog zombies
  A crimson imp (D:6)
  2 bullfrog skeletons
  2 centaur zombies
  4 orc priests
  2 jellies
  3 hounds
  2 hell rats (D:6)
  2 iguanas (D:6)
  11 orc wizards
  7 worker ants
  3 hound zombies
  A howler monkey zombie (D:9)
  7 gnolls
  9 adders
  4 river rats (D:6)
  A shadow imp (D:5)
  2 white imps
  An ufetubus (D:10)
  An ooze (D:1)
  5 adder skeletons
  A worm (D:3)
  5 leopard geckos
  31 orcs
  5 bats
  7 giant cockroaches
  6 goblins
  5 hobgoblins
  4 jackals (D:1)
  5 quokkas
  A ball python (D:4)
  3 frilled lizards
  6 kobolds
  A quokka zombie (D:7)
  21 rats
208 creatures vanquished.

Vanquished Creatures (collateral kills)
  An orc warrior (D:6)
  2 eyes of draining (D:7)
  An orc wizard (D:7)
  A worker ant (D:7)
  An orc (D:7)
6 creatures vanquished.

Vanquished Creatures (others)
  A yak (D:10)
  4 killer bees (D:9)
  A hound (D:9)
  An orc wizard (D:8)
  2 human simulacra (D:10)
  3 orcs
  3 plants (D:8)
15 creatures vanquished.

Grand Total: 229 creatures vanquished

Notes
Turn   | Place    | Note
-------+----------+-------------------------------------------
     0 | D:1      | Rester5115 the Demonspawn Chaos Knight began the quest for
                  | the Orb.
     0 | D:1      | Reached XP level 1. HP: 18/18 MP: 1/1
    28 | D:1      | XOM: silly message
    89 | D:1      | XOM: divination: detect creatures
   130 | D:1      | Gained mutation: You are partially covered in sharp spines.
                  | [demonic ancestry]
   130 | D:1      | Reached XP level 2. HP: 14/24 MP: 2/2
   252 | D:1      | XOM: divination: detect creatures
   468 | D:1      | XOM: noise
   704 | D:1      | XOM: cloud trail
   868 | D:2      | Reached XP level 3. HP: 29/29 MP: 3/3
   880 | D:2      | Found a blossoming altar of Fedhas.
  1013 | D:2      | Reached skill level 1 in Dodging
  1179 | D:2      | Found a shadowy altar of Dithmenos.
  1263 | D:2      | XOM: noise
  1388 | D:2      | XOM: 1-stop teleportation journey
  1418 | D:2      | Gained mutation: You are partially covered in slimy green
                  | scales. (AC +2) [demonic ancestry]
  1418 | D:2      | Reached XP level 4. HP: 37/37 MP: 4/4
  1424 | D:2      | Reached skill level 1 in Short Blades
  1485 | D:2      | XOM: divination: detect creatures
  1819 | D:2      | Found an iron altar of Okawaru.
  2065 | D:3      | XOM: give mutation
  2065 | D:3      | Gained mutation: You are weak. (Str -2) [Xom's mischief]
  2075 | D:3      | XOM: 1-stop teleportation journey
  2088 | D:3      | XOM: 1-stop teleportation journey
  2202 | D:3      | Reached XP level 5. HP: 42/42 MP: 5/5
  2283 | D:3      | You fall into a shaft and drop 1 floor!
  2288 | D:4      | Noticed a phantom
  2312 | D:4      | XOM: scenery: summon butterflies
  2314 | D:4      | XOM: fake destruction
  2342 | D:5      | Entered Level 5 of the Dungeon
  2344 | D:5      | XOM: god gift: 59 gold pieces
  2360 | D:5      | XOM: give mutations
  2360 | D:5      | Gained mutation: You have large cloven feet. [Xom's grace]
  2360 | D:5      | Gained mutation: Your system is resistant to poisons.
                  | (rPois) [Xom's grace]
  2360 | D:5      | Gained mutation: You are resistant to electric shocks.
                  | (rElec) [Xom's grace]
  2410 | D:5      | XOM: give mutation
  2410 | D:5      | Gained mutation: You can translocate small distances at
                  | will. [Xom's grace]
  2529 | D:5      | XOM: give mutations
  2529 | D:5      | Gained mutation: You possess an exceptional clarity of
                  | mind. [Xom's grace]
  2529 | D:5      | Gained mutation: You have hoof-like feet. [Xom's grace]
  2593 | D:5      | XOM: silly message
  2679 | D:5      | Reached skill level 1 in Throwing
  2734 | D:5      | XOM: give mutations
  2734 | D:5      | Gained mutation: Your mind is acute. (Int +2) [Xom's grace]
  2734 | D:5      | Gained mutation: You have a pair of small horns on your
                  | head. [Xom's grace]
  2734 | D:5      | Gained mutation: You expend magic power (3 MP) to
                  | strengthen your wands. [Xom's grace]
  2734 | D:5      | Gained mutation: You have sharp fingernails. [Xom's grace]
  2766 | D:5      | Reached XP level 6. HP: 48/48 MP: 6/6
  2963 | D:5      | Found a snail-covered altar of Cheibriados.
  2977 | D:5      | Noticed Duvessa
  2977 | D:5      | Noticed Dowan
  2989 | D:5      | Noticed a sky beast
  2991 | D:5      | XOM: silly message
  2996 | D:5      | XOM: confuse monster(s)
  3100 | D:4      | Reached skill level 2 in Throwing
  3214 | D:4      | XOM: cast spell 'Summon Ice Beast'
  3632 | D:5      | Reached XP level 7. HP: 53/55 MP: 7/7
  3717 | D:5      | Found a staircase to the Ecumenical Temple.
  3941 | D:5      | Reached skill level 3 in Throwing
  4108 | D:6      | XOM: divination: detect creatures
  4266 | D:6      | XOM: polymorph hell rat -> crimson imp
  4280 | D:6      | Reached skill level 4 in Throwing
  4280 | D:6      | Mutation became permanent: You have a pair of small horns
                  | on your head. [demonic ancestry]
  4280 | D:6      | Gained mutation: You have a pair of small horns on your
                  | head. [demonic ancestry]
  4280 | D:6      | Reached XP level 8. HP: 28/61 MP: 8/8
  4574 | D:6      | Found the +2 ratskin cloak {*Rats rPois rN+ Str-1 Int-1
                  | Dex+1}
  4872 | D:6      | XOM: divination: detect creatures
  4882 | D:6      | XOM: cast spell 'Summon Mana Viper'
  4918 | D:6      | XOM: divination: magic mapping
  5038 | D:6      | Reached skill level 5 in Short Blades
  5211 | D:6      | Reached skill level 5 in Throwing
  5333 | D:6      | XOM: give mutations
  5333 | D:6      | Gained mutation: You have a pair of horns on your head.
                  | [Xom's grace]
  5333 | D:6      | Gained mutation: Your flesh is heat resistant. (rF+) [Xom's
                  | grace]
  5333 | D:6      | Gained mutation: You have a pair of large horns on your
                  | head. [Xom's grace]
  5546 | D:7      | Reached skill level 5 in Fighting
  5683 | D:7      | Reached skill level 1 in Shields
  5861 | D:7      | XOM: smoke on damage
  6041 | D:7      | Mutation became permanent: You have a pair of horns on your
                  | head. [demonic ancestry]
  6041 | D:7      | Gained mutation: You have a pair of large horns on your
                  | head. [demonic ancestry]
  6041 | D:7      | Reached XP level 9. HP: 68/68 MP: 9/9
  6042 | D:7      | Found a bloodstained altar of Trog.
  6257 | D:8      | Reached skill level 5 in Armour
  6292 | D:8      | XOM: enchant monster (good)
  6306 | D:8      | Reached skill level 6 in Throwing
  6338 | D:8      | XOM: summons 2 friendly demons
  6347 | D:8      | Reached skill level 1 in Evocations
  6352 | D:8      | XOM: confuse monster(s)
  6358 | D:8      | XOM: cast spell 'Cause Fear'
  6387 | D:8      | XOM: 6-stop teleportation journey
  6431 | D:8      | XOM: god gift: wand of iceblast (10)
  6435 | D:8      | Killed an unseen horror
  6555 | D:8      | Reached skill level 7 in Throwing
  6634 | D:8      | XOM: smoke on damage
  6818 | D:8      | Gained mutation: You are mostly covered in sharp spines.
                  | [demonic ancestry]
  6818 | D:8      | Reached XP level 10. HP: 74/74 MP: 10/10
  6843 | D:8      | XOM: confuse monster(s)
  6958 | D:8      | XOM: give mutations
  6958 | D:8      | Lost mutation: You expend magic power (3 MP) to strengthen
                  | your wands. [Xom's mischief]
  6958 | D:8      | Lost mutation: You have hoof-like feet. [Xom's mischief]
  6958 | D:8      | Lost mutation: You have large cloven feet. [Xom's mischief]
  6958 | D:8      | Lost mutation: Your flesh is heat resistant. (rF+) [Xom's
                  | mischief]
  6981 | D:8      | Found a staircase to the Lair.
  6994 | D:8      | XOM: enchant monster (good)
  6994 | D:8      | XOM: smoke on damage
  7314 | D:9      | Found a bloodstained altar of Trog.
  7417 | D:9      | XOM: destruction
  7428 | D:9      | Reached skill level 8 in Throwing
  7832 | D:9      | Found a sparkling altar of Nemelex Xobeh.
  7881 | D:9      | Found a white marble altar of Elyvilon.
  7957 | D:9      | Noticed a two-headed ogre
  7968 | D:9      | XOM: potion effect (might)
  7971 | D:9      | Killed a two-headed ogre
  7998 | D:9      | XOM: give mutation
  7998 | D:9      | Lost mutation: You possess an exceptional clarity of mind.
                  | [Xom's mischief]
  8110 | D:9      | Found Liebruh's Jewellery Shoppe.
  8115 | D:9      | Bought a +6 ring of strength for 643 gold pieces
  8129 | D:9      | Found a broken altar of Ashenzari.
  8492 | D:10     | XOM: noise
  8492 | D:10     | Entered Level 10 of the Dungeon
  8510 | D:10     | XOM: cast spell 'Dispersal'
  8516 | D:10     | Reached skill level 9 in Throwing
  8552 | D:10     | XOM: 1-stop teleportation journey
  8664 | D:10     | Noticed Fannar
  8682 | D:10     | Killed from afar by Fannar

Illustrated notes

Levels and vault maps discovered:
D:1:      saegor_arrival_simple_e, layout_loops_ring, grunt_decor_mini_mirrors,
          minmay_vboxes
D:2:      layout_basic, nicolae_dithmenos_through_a_glass_darkly,
          lemuel_crystal_altar, okawaru_ov_weapons_minmay
D:3:      layout_loops_ring
D:4:      layout_basic
D:5:      layout_loops_ring, lemuel_round_altar, minmay_temple_entry_trees,
          minmay_chambers_of_fives, uniq_duvessa
D:6:      wander_guarded_unrand_ratskin, layout_basic, grunt_ministairs_6,
          chequers_serial_rivers_marsh
D:7:      layout_loops_cross, amcnicky_mini_pool_small, trog_eyes_of_draining
D:8:      layout_cave_pools, david_lair_shrubbed, serial_column_ruins,
          column_ruins_open_tiny, column_ruins_open_large,
          column_ruins_open_tiny, column_ruins_open_tiny
D:9:      layout_roguey, nemelex_xobeh_ov_fountains_minmay, elyvilon_altar_3,
          evilmike_ruin_ashenzari, serial_shops, shop_fountains,
          amcnicky_altar_gilded
D:10:     layout_loops_corners, david_orc_4, fungi_pond_lemuel,
          bh_circular_ruins, uniq_fannar, uniq_psyche

Skill      XL: |  1  2  3  4  5  6  7  8  9 10 |
---------------+-------------------------------+-----
Armour         | 2 3 4 5 6 |  6.4
Long Blades    | 3 |  3.3
Dodging        | 1 2 |  2.5
Short Blades   | 1 2 3 4 5 6 |  6.8
Fighting       | 4 5 |  5.8
Throwing       | 1 2 4 5 7 9 |  9.0
Shields        | 1 2 3 |  3.0
Evocations     | 1 |  1.7

Action                   |  1- 3 |  4- 6 |  7- 9 | 10-12 || total
-------------------------+-------+-------+-------+-------++-------
Melee: Falchion          |    41 |       |       |       ||    41
       Short sword       |    43 |   101 |   202 |    75 ||   421
       Kick              |       |    14 |    44 |     1 ||    59
       Headbutt          |       |     5 |    31 |    14 ||    50
Throw: Boomerang         |     2 |    39 |   106 |    16 ||   163
       Dart              |       |       |       |    21 ||    21
 Abil: Blink             |       |     1 |       |     2 ||     3
Evoke: Wand              |       |       |     5 |     3 ||     8
  Use: Potion            |     1 |       |     2 |     1 ||     4
       Scroll            |       |    10 |     1 |     1 ||    12
 Stab: Petrified         |       |       |       |     2 ||     2
Armor: Leather armour    |    12 |    27 |       |       ||    39
       Ring mail         |    13 |       |       |       ||    13
       Chain mail        |       |    12 |    77 |    21 ||   110
Dodge: Dodged            |    27 |    41 |    23 |    11 ||   102
Block: Buckler           |       |       |    23 |       ||    23
       Kite shield       |       |       |     5 |    15 ||    20
       Rpst.: Falchion   |     5 |       |       |       ||     5
